 Dungeon Crawl Stone Soup version 0.28-a0-422-gd71735cc25 (webtiles) character file.

Game seed: 10753359503013803158

3614 lmSkywalker the Protected (level 9, -3/74 HPs)
             Began as a Deep Dwarf Fighter on Sept 7, 2021.
             Was a Believer of Makhleb.
             Slain by a two-headed ogre (10 damage)
             ... on level 8 of the Dungeon on Sept 8, 2021.
             The game lasted 00:34:59 (6468 turns).

lmSkywalker the Protected (Deep Dwarf Fighter)      Turns: 6468, Time: 00:34:59

Health: -3/74      AC: 16    Str: 22    XL:     9   Next: 86%
Magic:  4/4        EV: 13    Int: 10    God:    Makhleb [**....]
Gold:   293        SH:  5    Dex: 12    Spells: 8/8 levels left

rFire   . . .      SeeInvis .   g - +2 rapier (protect)
rCold   . . .      Faith    .   c - +0 buckler
rNeg    + . .      Spirit   .   b - +0 scale mail
rPois   .          Reflect  .   (no helmet)
rElec   .          Harm     .   (no cloak)
rCorr   .          Rampage  .   k - +0 pair of gloves
Will    +....                   (no boots)
Stlth   ..........              (no amulet)
HPRegen 0.00/turn               h - ring of positive energy
MPRegen 0.09/turn               (no ring)

@: under a protective aura
A: damage resistance, heal wounds, sense surroundings 2, no regeneration
a: Heal Wounds, Renounce Religion, Minor Destruction


You were on level 8 of the Dungeon.
You worshipped Makhleb.
Makhleb was pleased with you.
You visited 2 branches of the dungeon, and saw 9 of its levels.

You collected 293 gold pieces.

Inventory:

Hand Weapons
 a - a +0 war axe
 g - a +2 rapier of protection (weapon)
 t - a +0 mace of protection
 F - a +0 morningstar
Missiles
 f - 142 stones (quivered)
 r - 2 throwing nets
 z - 4 boomerangs of dispersal
Armour
 b - a +0 scale mail (worn)
 c - a +0 buckler (worn)
 k - a +0 pair of gloves (worn)
Jewellery
 h - a ring of positive energy (left hand)
 E - a +6 ring of intelligence
Wands
 y - a wand of acid (6)
 G - a wand of polymorph (7)
 I - a wand of iceblast (7)
 K - a wand of mindburst (10)
Scrolls
 e - a scroll of immolation {unknown}
 i - 8 scrolls of teleportation
 j - 2 scrolls of blinking {unknown}
 n - a scroll of magic mapping {unknown}
 p - 2 scrolls of enchant armour
 v - a scroll of enchant weapon {unknown}
 x - a scroll of noise {unknown}
 B - a scroll of amnesia {unknown}
 D - a scroll of torment {unknown}
 J - a scroll of silence {unknown}
Potions
 d - 3 potions of might
 l - 3 potions of curing
 m - 2 potions of haste
 o - 2 potions of degeneration
 q - 2 potions of brilliance
 s - 2 potions of flight {unknown}
 u - a potion of attraction {unknown}
 w - 2 potions of mutation
 A - 2 potions of lignification
 C - a potion of cancellation {unknown}
Miscellaneous
 H - a piece from Xom's chessboard (15/15)


   Skills:
 - Level 2.9 Fighting
 - Level 8.0 Short Blades
 - Level 3.6 Axes
 - Level 0.3(2.0) Maces & Flails
 + Level 8.7 Armour
 + Level 7.9 Dodging
 - Level 2.0 Stealth
 - Level 4.0 Shields


You had 8 spell levels left.
You didn't know any spells.
Your spell library contained the following spells:

 Spells                   Type           Power      Damage    Failure   Level
 Apportation              Tloc           0%         N/A       65%         1
 Freeze                   Ice            0%         1d3       65%         1
 Sandblast                Erth           0%         2d4       65%         1
 Ensorcelled Hibernation  Hex/Ice        0%         N/A       78%         2
 Frozen Ramparts          Ice            0%         1d2       95%         3
 Spider Form              Tmut/Pois      0%         N/A       95%         3
 Tukima's Dance           Hex            0%         N/A       95%         3
 Hailstorm                Conj/Ice       0%         3d3       100%        4
 Alistair's Intoxication  Tmut/Pois      0%         N/A       100%        5
 Conjure Ball Lightning   Conj/Air       0%         3x3d6     100%        6
 Invisibility             Hex            0%         N/A       100%        6
 Discord                  Hex            0%         N/A       100%        8
 Disjunction              Tloc           0%         N/A       100%        8


Dungeon Overview and Level Annotations

Branches:
Dungeon (8/15)             Temple (1/1) D:5
   Lair: D:8-11

Altars:
Ashenzari
Cheibriados
Dithmenos
Elyvilon
Hepliaklqana
Makhleb
Qazlal
Ru
Sif Muna
Trog
Uskayaw
Vehumet
Wu Jian
Xom
Yredelemnul

Shops:
D:2 [

Annotations:
D:2 1 runed translucent door, Crazy Yiuf


Innate Abilities, Weirdness & Mutations

You are resistant to damage.
You can heal yourself by infusing magical energy.
You passively map the area around you.
You do not regenerate.


Message History

The two-headed ogre closely misses you.
The two-headed ogre hits you with a +0 giant club!!
You hit the two-headed ogre.
The two-headed ogre is moderately wounded.
The two-headed ogre hits you with a +0 giant club.
The two-headed ogre closely misses you.
You hit the two-headed ogre.
The two-headed ogre is moderately wounded.
You barely miss the two-headed ogre.
The two-headed ogre is moderately wounded.
The two-headed ogre hits you with a +0 giant club!
The two-headed ogre closely misses you.
You hit the two-headed ogre.
The two-headed ogre is moderately wounded.
The two-headed ogre hits you but does no damage.
The two-headed ogre misses you.
You puncture the two-headed ogre!
The two-headed ogre is heavily wounded.
You puncture the two-headed ogre!
The two-headed ogre is severely wounded.
The two-headed ogre barely misses you. The two-headed ogre closely misses you.
You hit the two-headed ogre.
The two-headed ogre is severely wounded.
You hit the two-headed ogre.
The two-headed ogre is almost dead.
You block the two-headed ogre's attack.
The two-headed ogre hits you with a +0 giant club!
You barely miss the two-headed ogre.
The two-headed ogre is almost dead.
The two-headed ogre barely misses you.
The two-headed ogre completely misses you.
You closely miss the two-headed ogre.
The two-headed ogre is almost dead.
You puncture the two-headed ogre!
The two-headed ogre is almost dead.
The two-headed ogre is no longer covered in acid.
The two-headed ogre hits you with a +0 giant club!!
* * * LOW HITPOINT WARNING * * *
The two-headed ogre hits you with a +0 giant club!
You die...

##.## *#. , #.# *.. *
#.# * ##.#######
#........##### **
*,.....)............###
,* ,
..####>.#####.......# ,
* * #...* #.###.#.# ,
** * #...., #@# * #, ,
##......O.# ,*,* ,
##.#####.# , , * #.#
#.# ** * * , #.# * , ,
+ * #.. , * ** ### , ,
* * * * *, , * ,, ,, *,
,*


You could see a two-headed ogre.

Vanquished Creatures
  A two-headed ogre (D:8)
  Pikel (D:7)
  A steam dragon (D:7)
  Menkaure (D:4)
  A water moccasin (D:7)
  An orc warrior (D:8)
  2 ice beasts
  A sky beast (D:5)
  2 ogres
  2 phantoms (D:5)
  A lemure (D:6)
  Blork the orc (D:4)
  2 bullfrogs
  3 scorpions
  2 wyvern zombies
  A killer bee (D:6)
  4 wights (D:6)
  A bullfrog zombie (D:6)
  5 orc priests
  3 centaur skeletons
  A hound (D:4)
  6 iguanas
  4 bullfrog skeletons
  2 orc wizards
  A killer bee zombie (D:7)
  A mummy (D:7)
  A howler monkey zombie (D:7)
  A howler monkey skeleton (D:5)
  2 adders
  A white imp (D:6)
  An ufetubus (D:5)
  An adder zombie (D:5)
  An adder skeleton (D:5)
  A worm (D:4)
  A dart slug (D:1)
  27 orcs
  4 ball pythons
  2 bats
  8 endoplasms
  4 goblins
  5 hobgoblins
  3 jackals (D:1)
  11 kobolds
  3 quokkas
  A frilled lizard (D:2)
  4 rats
133 creatures vanquished.

Vanquished Creatures (others)
  6 plants (D:2)
6 creatures vanquished.

Grand Total: 139 creatures vanquished

Notes
Turn   | Place    | Note
-------+----------+-------------------------------------------
     0 | D:1      | lmSkywalker the Deep Dwarf Fighter began the quest for the
                  | Orb.
     0 | D:1      | Reached XP level 1. HP: 20/20 MP: 1/1
   130 | D:1      | Reached XP level 2. HP: 18/27 MP: 2/2
   620 | D:2      | Found Faapaim's Antique Armour Shop.
   787 | D:2      | Reached XP level 3. HP: 15/33 MP: 3/3
  1110 | D:2      | Found a runed translucent door.
  1111 | D:2      | Noticed Crazy Yiuf
  1175 | D:2      | Found a faded altar of an unknown god.
  1183 | D:2      | Got Plato's Guide on Stones
  1414 | D:3      | Reached skill level 1 in Stealth
  2217 | D:4      | Noticed an ice beast
  2268 | D:4      | Reached skill level 1 in Short Blades
  2268 | D:4      | Reached XP level 4. HP: 36/40 MP: 4/4
  2459 | D:4      | Noticed Blork the orc
  2634 | D:4      | Reached XP level 5. HP: 35/46 MP: 5/5
  2730 | D:4      | Noticed Menkaure
  2738 | D:4      | Killed Menkaure
  2739 | D:4      | Reached XP level 6. HP: 25/55 MP: 6/6
  2739 | D:4      | Upgraded the game from 0.28-a0-413-gde365fb1df to
                  | 0.28-a0-422-gd71735cc25
  2789 | D:4      | Reached skill level 5 in Short Blades
  2867 | D:4      | Found a white marble altar of Elyvilon.
  2867 | D:4      | Found a shimmering blue altar of Sif Muna.
  2867 | D:4      | Found a broken altar of Ashenzari.
  2932 | D:4      | Killed Blork the orc
  2933 | D:4      | Reached XP level 7. HP: 33/61 MP: 6/6
  3174 | D:5      | Entered Level 5 of the Dungeon
  3378 | D:5      | Found a staircase to the Ecumenical Temple.
  3435 | D:5      | Reached XP level 8. HP: 21/68 MP: 6/6
  3448 | Temple   | Entered the Ecumenical Temple
  3540 | Temple   | Became a worshipper of Makhleb the Destroyer
  4220 | D:5      | Reached skill level 1 in Dodging
  4665 | D:6      | Reached * piety under Makhleb
  4674 | D:6      | Reached skill level 5 in Armour
  5309 | D:7      | Noticed Pikel
  5309 | D:7      | Found a shimmering altar of Xom.
  5518 | D:7      | Killed Pikel
  5519 | D:7      | Reached skill level 5 in Dodging
  5519 | D:7      | Gained mutation: You passively map the area around you.
                  | [Deep Dwarf growth]
  5519 | D:7      | Reached XP level 9. HP: 48/74 MP: 5/5
  6313 | D:8      | Noticed a two-headed ogre
  6331 | D:8      | Killed a two-headed ogre
  6363 | D:8      | Reached ** piety under Makhleb
  6455 | D:8      | Noticed a two-headed ogre
  6468 | D:8      | Slain by a two-headed ogre

Illustrated notes

Levels and vault maps discovered:
D:1:      lightli_arrival_windingriver, layout_loops_ring
D:2:      minmay_wonky_spiral, layout_basic, serial_shops,
          nicolae_shop_overgrown_old_shop, shapermc_ecumenical_altar_rom_forum,
          uniq_crazy_yiuf_cottage
D:3:      layout_basic, st_stairs_11, amcnicky_mini_rare_corridor_liquid
D:4:      layout_basic, gammafunk_temple_overflow_claw, minivault_24,
          uniq_blork_the_orc, uniq_menkaure
D:5:      layout_basic, minmay_temple_entry_drinking_statues
D:6:      layout_basic, minmay_microvault
D:7:      layout_cave_pools, xom_butterflies, serial_undead, serial_undead_d,
          serial_undead_c, serial_undead_d, serial_undead_e,
          kennysheep_generic_room_12, uniq_pikel
D:8:      layout_loops_corners, hellmonk_ghost_happy_afterlife
Temple:   hc_temple_tempest_star

Skill      XL: |  1  2  3  4  5  6  7  8  9 |
---------------+----------------------------+-----
Axes           | 3 |  3.6
Shields        | 4 |  4.0
Stealth        | 2 |  2.0
Short Blades   | 1 2 4 5 7 8 |  8.0
Dodging        | 5 7 |  7.9
Armour         | 6 8 |  8.7
Fighting       | |  2.9
Maces & Flails | |  0.3

Action                   |  1- 3 |  4- 6 |  7- 9 || total
-------------------------+-------+-------+-------++-------
Melee: War axe           |    84 |       |       ||    84
       Rapier            |    28 |    74 |   435 ||   537
       Mace              |     9 |       |       ||     9
Throw: Stone             |       |    14 |     1 ||    15
 Abil: Heal Wounds       |     1 |     2 |    12 ||    15
Evoke: Wand              |       |     1 |     8 ||     9
       Piece from Xom's  |       |       |     1 ||     1
  Use: Scroll            |     3 |       |     5 ||     8
Armor: Scale mail        |    59 |    23 |   123 ||   205
Dodge: Dodged            |    28 |    22 |   145 ||   195
Block: Buckler           |    24 |    11 |    63 ||    98

Table legend: (Time is in decaauts)
 A = Elapsed time spent in this place.
 B = Non-inter-level travel time spent in this place.
 C = Inter-level travel time spent in this place.
 D = Time resting spent in this place.
 E = Time spent auto-exploring this place.
 F = Levels seen in this place.
 G = Mean time per level.
                   A        B        C        D        E       F      G
               +--------+--------+--------+--------+--------+-----+--------+
         Total |   6438 |   5885 |    553 |     49 |   2589 |   9 |  715.3 |
       Dungeon |   6307 |   5791 |    516 |     49 |   2515 |   8 |  788.4 |
        Temple |    130 |     93 |     37 |      0 |     74 |   1 |  130.0 |
               +--------+--------+--------+--------+--------+-----+--------+

Top non-repeatable levels by time:
     D:6: 1128 daAuts
     D:3: 994 daAuts
     D:5: 907 daAuts
     D:4: 884 daAuts
     D:2: 747 daAuts
     D:7: 739 daAuts
     D:1: 640 daAuts
     D:8: 265 daAuts
  Temple: 130 daAuts
